 Dungeon Crawl Stone Soup version 0.25-a0-578-gc91f01c39c (webtiles) character file.

Game seed: 222346019440796890, levelgen mode: deterministic

1554 MisterFreud the Nimble (level 8, -4/40 HPs)
             Began as a Felid Berserker on Mar 3, 2020.
             Was a High Priest of Trog.
             Slain by a howler monkey (5 damage)
             ... on level 10 of the Dungeon.
             The game lasted 00:16:52 (9735 turns).

MisterFreud the Nimble (Felid Berserker)            Turns: 9735, Time: 00:16:53

Health: -4/40      AC:  2    Str: 13    XL:     8   Next: 57%
Magic:  14/14      EV: 29    Int:  9    God:    Trog [*****.]
Gold:   462        SH:  4    Dex: 19    Spells: 7/7 levels left
                                        Lives:  0   Deaths: 2

rFire    . . .     SeeInvis +     - Unarmed
rCold    . . .     Gourm    .   (shield unavailable)
rNeg     + . .     Faith    .   (armour unavailable)
rPois    +         Spirit   .   (helmet unavailable)
rElec    .         Reflect  +   (cloak unavailable)
rCorr    .         Harm     .   (gloves unavailable)
MR       +....                  (boots unavailable)
Stlth    +++++.....             t - +4 amulet of reflection
HPRegen  0.13/turn              q - ring of positive energy
MPRegen  0.14/turn              u - ring of poison resistance

@: quick
A: very small, no armour, no weapons or thrown items, stealth, claws 1, fangs 3,
see invisible, carnivore, speed 1, shaggy fur 2, slow metabolism 1, sharp paws
a: Berserk, Trog's Hand, Brothers in Arms, Renounce Religion


You were on level 10 of the Dungeon.
You worshipped Trog.
Trog was extremely pleased with you.
You were not hungry.

You visited 1 branch of the dungeon, and saw 10 of its levels.

You collected 462 gold pieces.

Inventory:

Jewellery
 i - an uncursed ring of fire
 q - a ring of positive energy (left paw)
 t - a +4 amulet of reflection (around neck)
 u - a ring of poison resistance (right paw)
 x - an uncursed ring of resist corrosion {unknown}
Wands
 l - a wand of flame (39)
 o - a wand of polymorph (13)
 s - a wand of disintegration (23)
Scrolls
 c - 3 scrolls of remove curse
 d - 6 scrolls of magic mapping
 h - 5 scrolls of fog
 j - a scroll of random uselessness {unknown}
 m - 2 scrolls of teleportation
 r - a scroll of blinking
Potions
 b - 3 potions of berserk rage {unknown}
 e - 2 potions of lignification
 f - 2 potions of might
 g - 6 potions of curing
 k - a potion of flight
 n - a potion of resistance
 p - a potion of heal wounds {unknown}
 v - 2 potions of brilliance
 w - a potion of cancellation {unknown}
Comestibles
 a - 19 rations


   Skills:
 + Level 7.6 Fighting
 + Level 11.5 Dodging
 + Level 9.0 Stealth
 + Level 7.6 Unarmed Combat
 * Level 7.2 Evocations


You had 7 spell levels left.
You didn't know any spells.
Your spell library was empty.

Dungeon Overview and Level Annotations

Branches:
Dungeon (10/15)            Temple (0/1) D:6            Lair (0/6) D:10
    Orc (0/2) D:10

Altars:
Ashenzari
Cheibriados
Dithmenos
Elyvilon
Kikubaaqudgha
Lugonu

Shops:
D:9 }

Portals:
Abyss: D:4

Annotations:
D:4 2 transporters, LairdRich's ghost, amateur MiBe
D:7 3 runed translucent doors, wullow's ghost, novice DsFi
D:9 2 transporters, 2 runed translucent doors, Flugslaktarn's ghost, novice DDFi


Innate Abilities, Weirdness & Mutations

You cannot wear armour.
You are incapable of wielding weapons or throwing items.
Your paws allow you to move quietly. (Stealth)
You have sharp claws.
You have razor-sharp teeth.
You have supernaturally acute eyesight. (SInv)
You are carnivorous and can eat meat at any time.
You cover ground quickly.
You are covered in thick fur. (AC +2)
You have a slow metabolism.
Your sharp claws are effective at attacking unaware monsters.


Message History

The howler monkey misses you. The hound zombie bites you.
* * * LOW HITPOINT WARNING * * *
You block the howler monkey's attack.
The hound zombie completely misses you. x2
The howler monkey completely misses you.
The hound zombie completely misses you. The howler monkey barely misses you.
The hound zombie misses you. The howler monkey hits you.
* * * LOW HITPOINT WARNING * * *
The hound zombie completely misses you. The howler monkey barely misses you.
The hound zombie closely misses you.
The howler monkey completely misses you.
You block the hound zombie's attack. The howler monkey hits you.
* * * LOW HITPOINT WARNING * * *
The hound zombie completely misses you.
The howler monkey completely misses you.
The hound zombie misses you. The howler monkey misses you.
The hound zombie completely misses you. You block the howler monkey's attack.
The hound zombie bites you but does no damage.
The howler monkey hits you.
You die...

#'##### #> #..#
...##### ##.##
.#<....# #...
.#####+### ####
.........# ###+###
####### ###......#
#.....# #......
.≈...#...# ###....?#
#......
...#..#..###.'.....+
#......
...##.#..'...#.Z@h.#
..........
PPP...#..#####.....#
####.....>
P>PP.≈#..# ##+####
#...... PPP...#..#
#...... .PP##(####
#...### ...#..##
#.## .≈...#.##
###.....♣ .......#♣


You could see a howler monkey and a hound zombie.

Vanquished Creatures
  Harold (D:7)
  A hornet (D:8)
  A hippogriff (D:9)
  2 hungry ghosts
  2 soldier ants (D:8)
  Edmund (D:5)
  A water moccasin (D:9)
  2 orc warriors
  2 sky beasts
  2 phantoms
  3 ice beasts
  2 ogres
  3 centaurs
  3 bullfrogs
  A water moccasin skeleton (D:6)
  2 scorpions
  6 killer bees (D:9)
  9 wights (D:7)
  5 howler monkeys
  2 electric eels (D:10)
  5 crimson imps
  A bullfrog zombie (D:7)
  3 bullfrog skeletons
  2 gnoll shamans (D:6)
  5 orc priests
  Crazy Yiuf (D:5)
  9 hounds
  3 jellies
  4 orc wizards
  3 iguanas
  10 worker ants
  18 gnolls
  11 adders
  2 oozes
  An adder skeleton (D:6)
  5 worms
  4 dart slugs
  4 leopard geckos
  17 orcs
  8 bats
  4 giant cockroaches
  8 goblins
  11 hobgoblins
  8 jackals
  2 quokkas
  3 frilled lizards
  A jackal skeleton (D:4)
  8 kobolds
  2 leopard gecko zombies
  8 rats
222 creatures vanquished.

Notes
Turn   | Place    | Note
-------+----------+-------------------------------------------
     0 | D:1      | MisterFreud the Felid Berserker began the quest for the
                  | Orb.
     0 | D:1      | Reached XP level 1. HP: 10/10 MP: 2/2
   381 | D:1      | Reached XP level 2. HP: 5/14 MP: 3/3
   993 | D:2      | Reached XP level 3. HP: 18/18 MP: 4/4
  1123 | D:2      | Reached ** piety under Trog
  1697 | D:2      | Found a shattered altar of Ashenzari.
  2044 | D:3      | Reached skill level 5 in Fighting
  2044 | D:3      | Reached XP level 4. HP: 13/23 MP: 5/5
  2584 | D:4      | You fall into a shaft and drop 2 floors!
  2592 | D:6      | Reached skill level 1 in Stealth
  2830 | D:6      | Reached XP level 5. HP: 26/26 MP: 6/6
  3088 | D:6      | Gained mutation: You are covered in thick fur. (AC +2)
                  | [Felid growth]
  3088 | D:6      | Reached XP level 6. HP: 24/30 MP: 7/7
  3147 | D:5      | Entered Level 5 of the Dungeon
  3260 | D:5      | Reached skill level 5 in Dodging
  3274 | D:5      | Noticed Edmund
  3302 | D:5      | Killed Edmund
  3302 | D:5      | Reached skill level 5 in Stealth
  3326 | D:5      | Reached XP level 7. HP: 33/34 MP: 8/8
  3687 | D:3      | Found an ancient bone altar of Kikubaaqudgha.
  3707 | D:3      | Reached *** piety under Trog
  4241 | D:4      | Found a one-way gate to the infinite horrors of the Abyss.
  4241 | D:4      | Noticed LairdRich's ghost (amateur MiBe)
  4277 | D:4      | Reached skill level 6 in Dodging
  4364 | D:4      | Found a transporter.
  4365 | D:4      | Found a transporter.
  4367 | D:4      | Identified the cursed +1 spear "Uzorirhy" {distort, Str+3}
  4518 | D:5      | Reached skill level 5 in Unarmed Combat
  4784 | D:5      | Reached skill level 7 in Dodging
  4784 | D:5      | Reached XP level 8. HP: 30/38 MP: 9/9
  4824 | D:5      | Found a runed translucent door.
  4825 | D:5      | Noticed Crazy Yiuf
  4944 | D:5      | Killed Crazy Yiuf
  5025 | D:6      | Reached **** piety under Trog
  5268 | D:6      | Reached skill level 8 in Dodging
  5287 | D:6      | Found a staircase to the Ecumenical Temple.
  5470 | D:7      | Reached skill level 9 in Dodging
  5989 | D:7      | Found a shadowy altar of Dithmenos.
  5992 | D:7      | Reached skill level 10 in Dodging
  6176 | D:7      | Reached skill level 1 in Evocations
  6279 | D:7      | Reached XP level 9. HP: 41/41 MP: 11/11
  6665 | D:7      | Found a white marble altar of Elyvilon.
  6827 | D:7      | Found a runed translucent gate.
  6829 | D:7      | Found a runed translucent gate.
  6833 | D:7      | Found a runed translucent gate.
  6835 | D:7      | Noticed wullow's ghost (novice DsFi)
  6864 | D:7      | Noticed Harold
  6870 | D:7      | Killed Harold
  6871 | D:7      | Reached skill level 5 in Evocations
  7315 | D:9      | Found a transporter.
  7320 | D:9      | Reached skill level 11 in Dodging
  7897 | D:8      | Reached ***** piety under Trog
  7897 | D:8      | Reached XP level 10. HP: 47/47 MP: 15/15
  8125 | D:9      | Found a snail-covered altar of Cheibriados.
  8239 | D:9      | Found Egidut's Gadget Shoppe.
  8495 | D:9      | Found a transporter.
  8867 | D:9      | Noticed a white ugly thing
  8868 | D:9      | Noticed a purple ugly thing
  8870 | D:9      | Found a corrupted altar of Lugonu.
  8870 | D:9      | Noticed a red ugly thing
  8877 | D:9      | Found a large runed translucent door.
  8878 | D:9      | Found a large runed translucent door.
  8886 | D:9      | Noticed Flugslaktarn's ghost (novice DDFi)
  9236 | D:10     | Entered Level 10 of the Dungeon
  9285 | D:10     | HP: 1/47 [electric eel/bolt of electricity (15)]
  9286 | D:10     | Killed from afar by an electric eel
  9287 | D:10     | Reached XP level 9. HP: -4/43 MP: 15/15
  9311 | D:10     | Found a staircase to the Orcish Mines.
  9590 | D:10     | HP: 2/43 [electric eel/bolt of electricity (9)]
  9591 | D:10     | Killed from afar by an electric eel
  9592 | D:10     | Reached XP level 8. HP: -2/40 MP: 14/14
  9607 | D:10     | Found a staircase to the Lair.
  9732 | D:10     | HP: 1/40 [howler monkey (2)]
  9735 | D:10     | Slain by a howler monkey

Levels and vault maps discovered:
D:1:      heliophobic_arrival_henge, layout_loops_cross
D:2:      layout_basic, ashenzari_conservatory_becter, st_stairs_12
D:3:      layout_basic, kiku_gazebo_pond_becter, kennysheep_generic_room_10
D:4:      layout_rooms, gammafunk_ghost_abyssal_escape
D:5:      layout_rooms, first_ration, uniq_crazy_yiuf_cottage, uniq_edmund
D:6:      layout_basic, minmay_temple_entry_statues_pillars
D:7:      layout_basic, grunt_dithmenos_shadows, ebering_ghost_rock_garden,
          elyvilon_altar_3, uniq_harold
D:8:      layout_loops_ring, hangedman_pestilent_swarm
D:9:      gammafunk_corrupted_shrine, layout_irregular_city, old_standard_altar,
          ebering_ghost_disaster_area, serial_shops, nicolae_shop_stone
D:10:     layout_roguey, dpeg_oklobed_lair, orc_0_dummy, kennysheep_nondescript,
          hangedman_tree_tricks, disabler_island, uniq_nergalle

Skill      XL: |  1  2  3  4  5  6  7  8  9 10 |
---------------+-------------------------------+-----
Fighting       | 4 5 6 7 |  7.6
Stealth        | 2 3 5 6 9 |  9.0
Dodging        | 5 7 10 11 | 11.5
Unarmed Combat | 4 5 6 7 |  7.6
Evocations     | 2 5 7 |  7.2

Action                   |  1- 3 |  4- 6 |  7- 9 | 10-12 || total
-------------------------+-------+-------+-------+-------++-------
Melee: Unarmed           |   130 |    99 |   336 |   120 ||   685
       Bite              |    10 |     8 |    35 |    13 ||    66
       Punch             |     1 |       |    11 |     4 ||    16
Invok: Berserk           |     6 |     5 |    12 |     4 ||    27
       Trog's Hand       |       |     3 |     1 |     1 ||     5
Evoke: Wand              |       |       |     2 |       ||     2
  Use: Scroll            |       |       |    13 |     4 ||    17
 Stab: Sleeping          |     7 |     3 |    23 |     7 ||    40
       Distracted        |       |       |     2 |     2 ||     4
  Eat: Chunk             |    13 |     8 |    25 |     5 ||    51
Armor: Skin              |    10 |     1 |    11 |     1 ||    23
Dodge: Dodged            |    93 |    78 |   364 |    85 ||   620
Block: Other             |       |       |    19 |    13 ||    32
       Reflection        |       |       |     1 |       ||     1

Table legend:
 A = Non-vault XP
 B = Vault XP
 C = Vault XP percentage of total XP
 D = Non-vault monster count
 E = Vault monster count
 F = Vault count percentage of total count
                 A         B        C        D         E       F
            +---------+---------+-------+---------+---------+-------
      Total |    6437 |    2067 |  24.3 |     209 |      13 |   5.9
            +---------+---------+-------+---------+---------+-------
        D:1 |      28 |       0 |   0.0 |      18 |       0 |   0.0
        D:2 |      46 |      15 |  24.6 |      21 |       2 |   8.7
        D:3 |     200 |       1 |   0.5 |      26 |       1 |   3.7
        D:4 |     213 |       0 |   0.0 |      13 |       0 |   0.0
        D:5 |     722 |     197 |  21.4 |      24 |       2 |   7.7
        D:6 |     626 |       0 |   0.0 |      31 |       0 |   0.0
        D:7 |    1652 |    1111 |  40.2 |      31 |       2 |   6.1
        D:8 |     604 |     639 |  51.4 |       8 |       4 |  33.3
        D:9 |    2021 |       0 |   0.0 |      32 |       0 |   0.0
       D:10 |     325 |     104 |  24.2 |       5 |       2 |  28.6
            +---------+---------+-------+---------+---------+-------
